[Event "Grand Prix Hamburg 2019"]
[Site "Hamburg"]
[Date "2019.11.05"]
[Round "1.2"]
[White "Nakamura, Hikaru"]
[Black "Topalov, Veselin"]
[Result "0-1"]
[ECO "C65"]
[WhiteElo "2745"]
[BlackElo "2736"]
[Annotator "ChessBase"]
[PlyCount "132"]
[EventDate "2019.11.05"]
[EventType "k.o."]
[EventCountry "GER"]
[SourceTitle "playchess.com"]
[Source "ChessBase"]
[SourceQuality "1"]
[TimeControl "40/5400+30:1800+30"]

1. e4 e5 2. Nf3 Nc6 3. Bb5 Nf6 4. d3 Bc5 5. Bxc6 dxc6 6. h3 Nd7 7. Bg5 f6 8. Be3 Bxe3 9. fxe3 Qe7 10. Nc3 b6 11. O-O Bb7 12. Nh4 g6 13. Qe1 O-O-O 14. a3 Kb8 15. b4 c5 16. Na4 Bc6 17. Nb2 Rhg8 18. Rd1 Rdf8 19. c4 f5 20. b5 Bb7 21. exf5 gxf5 22. Rd2 Qg5 23. e4 fxe4 24. Rxf8+ Nxf8 25. dxe4 Ne6 26. Nf3 Qh5 27. Kh2 Nd4 28. Qe3 Bc8 29. Ne1 Qg6 30. Ned3 Re8 31. Nd1 Qg8 32. N3b2 Be6 33. Qd3 Rd8 34. Qc3 h5 35. Rf2 h4 36. a4 Qg6 37. Qe3 Rg8 38. Kh1 Qh5 39. a5 Kc8 40. Qe1 Rg3 41. Qf1 Kd7 42. Nd3 Ke7 43. N1b2 Rg8 44. a6 Qg5 45. Qg1 c6 46. bxc6 Nxc6 47. Rf1 Qg3 48. Qf2 Qxf2 49. Nxf2 Rd8 50. Nfd1 Rd2 51. Rf2 Rxf2 52. Nxf2 Na5 53. Kh2 Nxc4 54. Na4 Kd6 55. Nc3 Kc6 56. g3 hxg3+ 57. Kxg3 b5 58. Nd3 b4 59. Na4 b3 60. h4 Bf7 61. Kg4 Bg6 62. Nc3 b2 63. Kf3 Kd6 64. Nb5+ Kd7 65. Nxb2 Nxb2 66. Nxa7 Bh5+ 0-1

[Event "Grand Prix Hamburg 2019"]
[Site "Hamburg"]
[Date "2019.11.07"]
[Round "1.4"]
[White "Radjabov, Teimour"]
[Black "Dubov, Daniil"]
[Result "1/2-1/2"]
[ECO "B31"]
[WhiteElo "2758"]
[BlackElo "2699"]
[Annotator "ChessBase"]
[PlyCount "147"]
[EventDate "2019.11.05"]
[EventType "k.o."]
[EventCountry "GER"]
[SourceTitle "playchess.com"]
[Source "ChessBase"]
[SourceQuality "1"]
[TimeControl "1500+10"]

1. e4 c5 2. Nf3 Nc6 3. Bb5 g6 4. Bxc6 bxc6 5. O-O Bg7 6. Re1 Qc7 7. c3 d6 8. h3 Nf6 9. d4 cxd4 10. cxd4 O-O 11. Nc3 Rd8 12. Bf4 Nh5 13. Bh2 Qb6 14. Qc2 Rb8 15. b3 Qa5 16. Rad1 Nf6 17. Qd2 Nd7 18. e5 Nb6 19. exd6 exd6 20. Bxd6 Ra8 21. Bc7 Rf8 22. Ne5 Bb7 23. Bd6 Rfe8 24. b4 Qa6 25. Ne4 Na4 26. Nd7 Rxe4 27. Rxe4 c5 28. Qe3 Bxe4 29. Qxe4 Rc8 30. bxc5 Nc3 31. Qd3 Ne2+ 32. Kf1 Qxd3 33. Rxd3 Nxd4 34. Nb8 h5 35. Na6 Kh7 36. g3 g5 37. Nb4 g4 38. hxg4 hxg4 39. Nd5 Rc6 40. Kg2 Ra6 41. Rd1 Rxa2 42. Rh1+ Kg6 43. Nf4+ Kf5 44. Rh7 Bf6 45. Rxf7 Nf3 46. Be7 Ra1 47. Rxf6+ Ke4 48. Ne2 Ne1+ 49. Kh2 Nf3+ 50. Rxf3 Kxf3 51. Nc3 Kxf2 52. Bg5 Ra3 53. Bd2 Ra6 54. Bf4 Kf3 55. Nb5 Ra2+ 56. Kg1 Ra1+ 57. Kh2 Ra2+ 58. Kg1 Ra1+ 59. Kh2 Ra5 60. Nd4+ Ke4 61. Nb3 Rb5 62. Nd2+ Kd5 63. Nf1 a5 64. Ne3+ Kxc5 65. Nxg4 a4 66. Bg5 Kc4 67. Be7 Rb7 68. Bf8 Kb3 69. Kg2 Rb8 70. Bd6 Rb6 71. Bf8 Rb4 72. Ne5 a3 73. Nd3 Rb8 74. Bxa3 1/2-1/2

[Event "Grand Prix Hamburg 2019"]
[Site "Hamburg"]
[Date "2019.11.05"]
[Round "1.4"]
[White "Wojtaszek, Radoslaw"]
[Black "Grischuk, Alexander"]
[Result "1/2-1/2"]
[ECO "E05"]
[WhiteElo "2748"]
[BlackElo "2759"]
[Annotator "RC"]
[PlyCount "92"]
[EventDate "2019.11.05"]
[EventType "k.o."]
[EventCountry "GER"]
[SourceTitle "playchess.com"]
[Source "ChessBase"]
[SourceQuality "1"]
[TimeControl "40/5400+30:1800+30"]

1. d4 Nf6 2. c4 e6 3. Nf3 d5 4. g3 Be7 5. Bg2 O-O 6. O-O dxc4 7. Qc2 a6 8. a4 c5 9. dxc5 Bxc5 10. Bf4 Nc6 11. Nbd2 Nd5 12. Nxc4 Qe7 13. Bd2 Bd7 14. Ng5 f5 15. Nf3 Ncb4 16. Qd1 f4 17. Nce5 Be8 18. Rc1 a5 19. Rc4 b5 20. axb5 Bxb5 21. Re4 Rad8 22. Qc1 fxg3 23. hxg3 Nf6 24. Bg5 Qc7 25. Bxf6 gxf6 26. Ng4 Rc8 27. Kh1 Qg7 28. Nh6+ Kh8 29. Qf4 Bd7 30. g4 Nd5 31. Qh2 Rb8 32. g5 fxg5 33. Nf7+ Qxf7 34. Nxg5 Qg6 35. Nxh7 Qxh7 36. Rh4 Qxh4 37. Qxh4+ Kg7 38. Be4 Kf7 39. Rg1 Nf6 40. Qh6 Ke7 41. Rg7+ Kd8 42. Qd2 Bb4 43. Qd4 Rc8 44. Qb6+ Rc7 45. Qb8+ Rc8 46. Qb6+ Rc7 1/2-1/2

[Event "Grand Prix Hamburg 2019"]
[Site "Hamburg"]
[Date "2019.11.07"]
[Round "1.4"]
[White "Jakovenko, Dmitry"]
[Black "Yu, Yangyi"]
[Result "1/2-1/2"]
[ECO "A10"]
[WhiteElo "2681"]
[BlackElo "2753"]
[Annotator "ChessBase"]
[PlyCount "128"]
[EventDate "2019.11.05"]
[EventType "k.o."]
[EventCountry "GER"]
[SourceTitle "playchess.com"]
[Source "ChessBase"]
[SourceQuality "1"]
[TimeControl "1500+10"]

1. c4 g6 2. e4 e5 3. d4 Nf6 4. Nf3 exd4 5. e5 Nh5 6. Qxd4 Nc6 7. Qe4 Bb4+ 8. Nc3 O-O 9. Bg5 f6 10. Qd5+ Kh8 11. exf6 Nxf6 12. Qd3 d6 13. Be2 Bf5 14. Qd1 Qd7 15. O-O Bxc3 16. bxc3 Qg7 17. Qc1 Rfe8 18. Bh6 Qg8 19. Re1 Ng4 20. Bg5 Qg7 21. Nd4 Nxd4 22. cxd4 Qxd4 23. Bxg4 Bxg4 24. Be3 Qf6 25. c5 Kg8 26. h3 Bd7 27. cxd6 cxd6 28. Qc4+ Qf7 29. Qd4 Bc6 30. Rad1 Re6 31. Bd2 Qf6 32. Qc4 d5 33. Qb3 Rae8 34. Be3 h5 35. Rd4 Re4 36. Red1 Kh7 37. Qb4 a6 38. Rxe4 Rxe4 39. Bd4 Qe7 40. Qc3 Bb5 41. Bf6 Qf7 42. Bd4 Re2 43. a3 Re4 44. Qc8 Re8 45. Qc5 Qe7 46. Qc3 Qe2 47. Rc1 Bc6 48. Be3 Re4 49. Kh2 d4 50. Bxd4 Qb5 51. Bc5 Re2 52. Qf6 Qb3 53. Bd4 Qg8 54. Rc5 Re6 55. Qf4 Qe8 56. Be3 Qe7 57. Kg1 Qf6 58. Qh6+ Kg8 59. Rg5 Qg7 60. Qxg7+ Kxg7 61. Rc5 Kf7 62. Kh2 Re4 63. Rc3 Ke6 64. f3 Re5 1/2-1/2

[Event "Grand Prix Hamburg 2019"]
[Site "Hamburg"]
[Date "2019.11.09"]
[Round "2.2"]
[White "Duda, Jan-Krzysztof"]
[Black "Yu, Yangyi"]
[Result "1-0"]
[ECO "D94"]
[WhiteElo "2734"]
[BlackElo "2753"]
[Annotator "RC"]
[PlyCount "71"]
[EventDate "2019.11.05"]
[EventType "k.o."]
[EventCountry "GER"]
[SourceTitle "playchess.com"]
[Source "ChessBase"]
[SourceQuality "1"]
[TimeControl "40/5400+30:1800+30"]

1. c4 c6 2. Nf3 d5 3. e3 Nf6 4. Nc3 g6 5. d4 Bg7 6. Be2 O-O 7. O-O Ne4 8. Nxe4 dxe4 9. Nd2 c5 10. dxc5 f5 11. Rb1 a5 12. a3 a4 13. b4 axb3 14. Nxb3 Qxd1 15. Rxd1 Nd7 16. Kf1 h5 17. Bd2 Rxa3 18. Na5 Nxc5 19. Bb4 Ra2 20. Bxc5 Rxa5 21. Bxe7 Rf7 22. Bb4 Ra8 23. Rd8+ Kh7 24. Bd6 Rd7 25. Rxd7 Bxd7 26. g4 fxg4 27. Rxb7 Bc8 28. Re7 Kh6 29. Bf4+ g5 30. Bxg5+ Kxg5 31. Rxg7+ Kh4 32. Rg8 Kh3 33. Bxg4+ Kh4 34. Rxc8 Ra1+ 35. Kg2 hxg4 36. Re8 1-0

[Event "Grand Prix Hamburg 2019"]
[Site "Hamburg"]
[Date "2019.11.10"]
[Round "2.3"]
[White "Dubov, Daniil"]
[Black "Svidler, Peter"]
[Result "1/2-1/2"]
[ECO "D87"]
[WhiteElo "2699"]
[BlackElo "2729"]
[Annotator "RC"]
[PlyCount "88"]
[EventDate "2019.11.05"]
[EventType "k.o."]
[EventCountry "GER"]
[SourceTitle "playchess.com"]
[Source "ChessBase"]
[SourceQuality "1"]
[TimeControl "1500+10"]

1. d4 Nf6 2. c4 g6 3. Nc3 d5 4. cxd5 Nxd5 5. e4 Nxc3 6. bxc3 Bg7 7. Bc4 c5 8. Ne2 Nc6 9. Be3 O-O 10. O-O b6 11. h4 e6 12. h5 Qh4 13. hxg6 hxg6 14. f3 cxd4 15. cxd4 Rd8 16. Qd2 Bb7 17. Rac1 Be5 18. f4 Bg7 19. Rf3 Rac8 20. Rh3 Qg4 21. Qe1 Nxd4 22. Nxd4 Bxd4 23. Bxd4 Rxd4 24. Rh4 Rxe4 25. Rxg4 Rxe1+ 26. Rxe1 Rxc4 27. Re3 Bd5 28. a3 Kg7 29. Rh4 b5 30. g3 a5 31. Rh2 Rc1+ 32. Kf2 b4 33. axb4 axb4 34. g4 g5 35. fxg5 Kg6 36. Re5 Rc2+ 37. Kg3 Rxh2 38. Kxh2 b3 39. Re2 Bc4 40. Rd2 e5 41. Kg3 e4 42. Rd4 b2 43. Rd6+ Kxg5 44. Rb6 Be2 1/2-1/2